 Seeded DCSS version 0.30-a0-313-gae38170 (webtiles) character file.

Game seed: 8908138718985893632 (custom seed)

8972 Sixotanaka the Brawler (level 11, 0/79 HPs)
             Began as a Ghoul Brigand on Oct 26, 2022.
             Was an Elder of Cheibriados.
             Slain by an orc warrior
             ... wielding a +0 glaive
              (14 damage)
             ... in a bailey.
             The game lasted 00:31:47 (9578 turns).

Sixotanaka the Brawler (Ghoul Brigand)              Turns: 9578, Time: 00:31:47

Health: 0/79       AC:  8    Str: 35    XL:     11   Next: 39%
Magic:  10/10      EV: 11    Int: 15    God:    Cheibriados [****..]
Gold:   590        SH:  7    Dex: 25    Spells: 7/10 levels left

rFire   . . .      SeeInvis .      - Unarmed
rCold   + . .      Faith    .    f - +0 buckler
rNeg    + + +      Spirit   .    B - +2 steam dragon scales
rPois   ∞          Reflect  .    (no helmet)
rElec   .          Harm     .    c - +0 cloak
rCorr   .          Rampage  .    (no gloves)
Will    .....                    (no boots)
Stlth   +++.......               (no amulet)
HPRegen 0.00/turn                j - +6 ring of strength
MPRegen 0.12/turn                s - +6 ring of dexterity

@: inhibited regen, very slow
A: claws 1, cold resistance 1, negative energy resistance 3, inhibited
regeneration, torment resistance 2, devour on kill
a: Renounce Religion, Bend Time, Temporal Distortion, Slouch


You were in a bailey.
You worshipped Cheibriados.
Cheibriados was greatly pleased with you.
You visited 1 branch of the dungeon, and saw 9 of its levels.
You also visited: Bailey.

You collected 618 gold pieces.
You spent 28 gold pieces at shops.

Inventory:

Missiles
 h - 11 boomerangs of dispersal (quivered)
 v - 2 atropa-tipped darts
 x - 5 javelins
 D - a throwing net
Armour
 c - a +0 cloak (worn)
 f - a +0 buckler (worn)
 B - +2 steam dragon scales (worn)
Jewellery
 j - a +6 ring of strength (left claw)
 m - a ring of resist corrosion
 o - a ring of fire
 s - a +6 ring of dexterity (right claw)
Wands
 b - a wand of polymorph (3)
 r - a wand of quicksilver (6)
Scrolls
 a - a scroll of immolation
 g - a scroll of enchant armour
 k - a scroll of fog
 p - 4 scrolls of amnesia
 t - a scroll of teleportation
 w - a scroll of silence {unknown}
 A - a scroll of poison {unknown}
 C - a scroll of torment {unknown}
Potions
 d - a potion of magic
 e - a potion of curing
 i - 2 potions of lignification
 l - a potion of cancellation
 n - 2 potions of brilliance
 q - 4 potions of mutation
 u - 4 potions of attraction
 z - a potion of ambrosia
 E - a potion of heal wounds {unknown}


   Skills:
 - Level 2.1 Fighting
 - Level 1.7 Short Blades
 - Level 3.0 Throwing
 - Level 0.8 Dodging
 - Level 4.3 Stealth
 + Level 5.9 Shields
 + Level 16.5 Unarmed Combat
 - Level 3.0 Evocations


You had 7 spell levels left.
You knew the following spells:

 Your Spells              Type           Power      Damage    Failure   Level
a - Stone Arrow           Conj/Erth      0%         3d7       71%         3

Your spell library contained the following spells:

 Spells                   Type           Power      Damage    Failure   Level
 Apportation              Tloc           0%         N/A       34%         1
 Sandblast                Erth           0%         2d4       34%         1
 Passwall                 Tmut/Erth      0%         N/A       45%         2
 Static Discharge         Conj/Air       0%         2-2/arc   45%         2
 Vhi's Electric Charge    Tloc/Air       0%         N/A       71%         3
 Alistair's Intoxication  Tmut/Pois      0%         N/A       100%        5
 Arcjolt                  Conj/Air       0%         1d10      100%        5
 Lightning Bolt           Conj/Air       0%         1d11      100%        5
 Conjure Ball Lightning   Conj/Air       0%         3x3d6     100%        6
 Discord                  Hex            0%         N/A       100%        8
 Disjunction              Tloc           0%         N/A       100%        8


Dungeon Overview and Level Annotations

Branches:
Dungeon (9/15)             Temple (0/1) D:6          Bailey (1/1)
   Lair: D:8-11         Orc: D:9-12

Altars:
Cheibriados
Hepliaklqana
Okawaru

Shops:
D:3 *


Innate Abilities, Weirdness & Mutations

You are immune to poison.
You have sharp fingernails.
Your flesh is cold resistant. (rC+)
You are immune to negative energy. (rN+++)
You do not regenerate when monsters are visible.
You are immune to unholy pain and torment.
You thrive by killing the living.


Message History

Aim: an orc warrior, wielding a +0 glaive and wearing a +0 chain mail (63% to hit)
You throw a poisoned dart. The poisoned dart hits the orc warrior.
The orc warrior is poisoned.
The orc warrior hits you from afar with a +0 glaive!
The orc warrior barely misses you.
The orc warrior hits you with a +0 glaive!
You scratch the orc warrior.
The orc warrior is lightly wounded.
The orc warrior hits you with a +0 glaive.
You scratch the orc warrior but do no damage.
The orc warrior is moderately wounded.
The orc warrior hits you with a +0 glaive!
You barely miss the orc warrior.
The orc warrior is moderately wounded.
You claw the orc warrior!
The orc warrior is severely wounded.
The orc warrior looks more healthy.
You completely miss the orc warrior.
The orc warrior is severely wounded.
The orc warrior hits you with a +0 glaive!
You block the orc warrior's attack.
You barely miss the orc warrior.
The orc warrior is severely wounded.
The orc warrior barely misses you.
The orc warrior hits you from afar with a +0 glaive!
You mangle the orc warrior!!
You kill the orc warrior!
Cheibriados appreciates the change of pace.
You feel better.
Okay, then.
Okay, then.
Throw: 12 boomerangs (disperse)
Press: ? - help, Q - select action, (/) - cycle Shift-Dir - straight line, f - orc warrior
Aim: an orc warrior, wielding a +0 glaive and wearing a +0 chain mail (63% to hit)
You throw a boomerang of dispersal.
The boomerang of dispersal closely misses the orc warrior.
The orc warrior hits you from afar with a +0 glaive!
* * * LOW HITPOINT WARNING * * *
The orc warrior hits you from afar with a +0 glaive!
You die...

#.≈≈.≈.≈≈≈...≈≈≈.≈≈..≈≈#
##.≈.≈≈..≈≈≈≈≈..≈≈..⌠≈≈#
#.≈≈.≈≈≈.....≈≈≈...≈≈##
#..≈≈..≈≈≈≈≈≈≈....≈≈##
#.⌠.≈≈≈.......≈≈..≈##
##....≈≈≈≈≈≈≈≈≈...≈#
..#####............≈#
.....⌠##########)####
...(.o.@............#
.......)...........##
#≈≈≈≈≈≈≈≈≈≈≈≈≈≈≈≈≈##
###################


You could see an orc warrior.

Vanquished Creatures
  A hydra (D:9)
  A boulder beetle (D:9)
  A centaur warrior (D:9)
  An ugly thing (D:9)
  Maggie (D:8)
  Prince Ribbit (D:6)
  Grinder (D:4)
  A wyvern (D:8)
  A wyvern (shapeshifter) (D:9)
  Eustachio (D:6)
  4 yaks (D:9)
  Menkaure (D:4)
  A steam dragon (D:6)
  Duvessa (D:6)
  5 water moccasins
  An ice beast (D:4)
  2 black bears
  3 orc warriors
  An ogre (D:3)
  7 centaurs
  3 phantoms
  2 kobold brigands (D:9)
  2 bullfrogs
  4 gnoll sergeants
  3 necrophages
  15 wights
  7 killer bees
  Dowan (D:6)
  A howler monkey (D:8)
  2 jellies
  5 hounds
  4 iguanas
  Terence (D:3)
  13 orc wizards
  A mummy (D:7)
  18 gnolls
  5 adders
  A shadow imp (D:6)
  2 ufetubi
  A worm (D:4)
  41 orcs
  7 endoplasms
  2 giant cockroaches (D:2)
  13 goblins
  4 hobgoblins
  14 jackals
  4 quokkas
  4 ball pythons
  4 bats
  4 frilled lizards
  A hobgoblin zombie (D:7)
  18 kobolds
  2 kobold zombies (D:7)
  An orc zombie (D:7)
  3 rats
249 creatures vanquished.

Notes
Turn   | Place    | Note
-------+----------+-------------------------------------------
     0 | D:1      | Sixotanaka the Ghoul Brigand began the quest for the Orb.
     0 | D:1      | Reached XP level 1. HP: 17/17 MP: 0/0
   173 | D:1      | Reached skill level 1 in Unarmed Combat
   276 | D:1      | Reached XP level 2. HP: 22/24 MP: 1/1
   353 | D:1      | Reached skill level 2 in Unarmed Combat
   723 | D:1      | Reached XP level 3. HP: 27/29 MP: 2/2
   959 | D:2      | Reached skill level 3 in Unarmed Combat
  1284 | D:2      | Found a faded altar of an unknown god.
  1671 | D:2      | Reached XP level 4. HP: 36/36 MP: 3/3
  1864 | D:3      | Reached skill level 4 in Unarmed Combat
  1956 | D:3      | Noticed an ogre
  2051 | D:3      | Found Rezeap's General Store.
  2059 | D:3      | Bought a scroll of identify for 28 gold pieces
  2072 | D:3      | Noticed Terence
  2272 | D:3      | Killed Terence
  2273 | D:3      | Reached skill level 5 in Unarmed Combat
  2273 | D:3      | Reached XP level 5. HP: 41/41 MP: 4/4
  2451 | D:3      | Killed an ogre
  2452 | D:3      | Reached skill level 6 in Unarmed Combat
  2579 | D:3      | Reached XP level 6. HP: 47/48 MP: 5/5
  2876 | D:4      | Noticed Menkaure
  2889 | D:4      | Killed Menkaure
  3015 | D:4      | Reached skill level 7 in Unarmed Combat
  3026 | D:4      | Noticed Grinder
  3037 | D:4      | Paralysed by Grinder for 3 turns
  3048 | D:4      | Paralysed by Grinder for 3 turns
  3058 | D:4      | Paralysed by Grinder for 3 turns
  3068 | D:4      | Killed Grinder
  3069 | D:4      | Reached skill level 8 in Unarmed Combat
  3069 | D:4      | Reached XP level 7. HP: 27/55 MP: 6/6
  4032 | D:5      | Entered Level 5 of the Dungeon
  4084 | D:5      | Reached skill level 9 in Unarmed Combat
  4152 | D:5      | Reached XP level 8. HP: 55/61 MP: 7/7
  4449 | D:4      | Reached skill level 10 in Unarmed Combat
  4871 | D:5      | Identified the +4 spear of Death's Door {vorpal, Will+
                  | Int+3}
  5091 | D:6      | Noticed Prince Ribbit
  5231 | D:6      | Killed Prince Ribbit
  5232 | D:6      | Reached skill level 11 in Unarmed Combat
  5545 | D:6      | Found a hazy altar of Hepliaklqana.
  5548 | D:6      | Found an iron altar of Okawaru.
  5558 | D:6      | Found a snail-covered altar of Cheibriados.
  5563 | D:6      | Became a worshipper of Cheibriados the Contemplative
  5588 | D:6      | Reached XP level 9. HP: 67/67 MP: 8/8
  5603 | D:6      | Noticed Dowan
  5604 | D:6      | Noticed Duvessa
  5611 | D:6      | Killed Duvessa
  5612 | D:6      | Reached skill level 12 in Unarmed Combat
  5624 | D:6      | Killed Dowan
  5815 | D:6      | Found a staircase to the Ecumenical Temple.
  5847 | D:6      | Noticed Eustachio
  5868 | D:6      | Killed Eustachio
  6213 | D:7      | Reached skill level 13 in Unarmed Combat
  6429 | D:7      | Reached * piety under Cheibriados
  6998 | D:7      | Reached skill level 14 in Unarmed Combat
  7022 | D:7      | Reached XP level 10. HP: 17/73 MP: 9/9
  7582 | D:8      | Reached skill level 1 in Evocations
  7837 | D:8      | Reached ** piety under Cheibriados
  8210 | D:8      | Reached skill level 15 in Unarmed Combat
  8294 | D:8      | Reached skill level 1 in Shields
  8476 | D:8      | Learned a level 3 spell: Stone Arrow
  8494 | D:8      | Noticed Maggie
  8610 | D:8      | Killed Maggie
  8783 | D:9      | Noticed a centaur warrior
  8784 | D:9      | Noticed an eight-headed hydra
  8790 | D:9      | Noticed a manticore
  8791 | D:9      | Noticed a boulder beetle
  8792 | D:9      | Noticed a fire crab
  8793 | D:9      | Killed a centaur warrior
  8793 | D:9      | Killed an eight-headed hydra
  8794 | D:9      | Reached XP level 11. HP: 34/79 MP: 10/10
  8797 | D:9      | Noticed a steelbarb worm
  8848 | D:9      | Reached *** piety under Cheibriados
  8859 | D:9      | Reached skill level 16 in Unarmed Combat
  8947 | D:9      | Reached skill level 5 in Shields
  8971 | D:9      | Noticed a cyan ugly thing
  8981 | D:9      | Killed a cyan ugly thing
  9063 | D:9      | Killed a boulder beetle
  9093 | D:9      | Reached **** piety under Cheibriados
  9151 | D:9      | Found a flagged portal.
  9196 | Bailey   | Entered a bailey
  9578 | Bailey   | Slain by an orc warrior

Illustrated notes

Levels and vault maps discovered:
D:1:      matt_arrival_refuge, layout_rooms, serial_glass, glass_columns_a,
          glass_columns_c, glass_columns_b, glass_columns_a, due_unseen_surprise
D:2:      layout_loops_corners, shapermc_ecumenical_altar_mp_highgroup
D:3:      layout_basic, serial_shops, shop, serial_park_tiny_pond, uniq_terence
D:4:      layout_loops_corners, uniq_grinder, uniq_menkaure
D:5:      layout_loops_ring
D:6:      layout_gridville, nicolae_overflow_hallway_of_the_gods,
          minmay_temple_entry_grid, uniq_eustachio, uniq_duvessa,
          uniq_prince_ribbit1
D:7:      layout_rooms, kb_lookout_dungeons_type, minmay_mini_ossuary
D:8:      layout_gridville, uniq_maggie
D:9:      minmay_the_grid_triangle_9x9_recursive_2_mashed
          [minmay_the_grid_triangle_9x9_prize_schism,
          minmay_the_grid_triangle_9x9_impossible_snake,
          minmay_the_grid_triangle_9x9_cache,
          minmay_the_grid_triangle_9x9_sprig], layout_basic,
          kennysheep_orc_monster_closet_entryway, enter_bailey_4,
          minmay_misc_feat_columns, minmay_unpleasant_kobolds
Bailey:   bailey_polearm_flooded_kennysheep, bailey

Skill      XL: |  1  2  3  4  5  6  7  8  9 10 11 |
---------------+----------------------------------+-----
Unarmed Combat | 1 2 3 5 6 8 9 11 14 15 16 | 16.5
Throwing       | 2 3 |  3.0
Evocations     | 3 |  3.0
Shields        | 4 5 |  5.9
Fighting       | |  2.1
Short Blades   | |  1.7
Dodging        | |  0.8
Stealth        | |  4.3

Action                   |  1- 3 |  4- 6 |  7- 9 | 10-12 || total
-------------------------+-------+-------+-------+-------++-------
Melee: Unarmed           |   139 |   115 |   281 |   200 ||   735
       Dagger            |     8 |       |       |       ||     8
Throw: Dart              |       |    13 |    47 |    27 ||    87
       Boomerang         |       |       |       |     6 ||     6
Evoke: Wand              |       |       |    10 |    38 ||    48
  Use: Scroll            |       |     7 |     5 |     6 ||    18
       Potion            |       |     1 |     5 |     2 ||     8
 Stab: Sleeping          |     3 |       |     4 |     2 ||     9
       Distracted        |       |       |       |     1 ||     1
Armor: Leather armour    |    29 |       |    12 |    33 ||    74
       Robe              |     1 |       |       |       ||     1
       Ring mail         |    21 |    26 |    60 |       ||   107
       Steam dragon scal |       |       |       |    31 ||    31
Dodge: Dodged            |    76 |    46 |   128 |   120 ||   370
Block: Buckler           |     6 |    14 |    28 |    47 ||    95

Table legend: (Time is in decaauts)
 A = Elapsed time spent in this place.
 B = Non-inter-level travel time spent in this place.
 C = Inter-level travel time spent in this place.
 D = Time resting spent in this place.
 E = Time spent auto-exploring this place.
 F = Levels seen in this place.
 G = Mean time per level.
                   A        B        C        D        E       F      G
               +--------+--------+--------+--------+--------+-----+--------+
         Total |  10308 |   9965 |    343 |   1862 |   5587 |  10 | 1030.8 |
       Dungeon |   9790 |   9447 |    343 |   1795 |   5342 |   9 | 1087.8 |
        Bailey |    518 |    518 |      0 |     66 |    244 |   1 |  518.0 |
               +--------+--------+--------+--------+--------+-----+--------+

Top non-repeatable levels by time:
     D:6: 1558 daAuts
     D:8: 1402 daAuts
     D:4: 1372 daAuts
     D:7: 1286 daAuts
     D:2: 1064 daAuts
     D:3: 968 daAuts
     D:1: 815 daAuts
     D:5: 765 daAuts
     D:9: 556 daAuts
  Bailey: 518 daAuts
